[Event "FishPartners Open 2018"]
[Site "Spakenburg"]
[Date "2018.07.07"]
[Round "5"]
[White "Nijboer, Friso"]
[Black "Lai, Hing Ting"]
[Result "1/2-1/2"]
[ECO "B06"]
[WhiteElo "2495"]
[BlackElo "2447"]
[Annotator "ChessBase"]
[PlyCount "130"]
[EventDate "2018.07.07"]
[EventType "swiss"]
[EventCountry "NED"]
[SourceTitle "playchess.com"]
[Source "ChessBase"]
[SourceQuality "1"]
[TimeControl "1500"]

1. e4 g6 2. d4 Bg7 3. Nc3 d6 4. Be3 a6 5. Qd2 b5 6. f3 c6 7. h4 h5 8. a4 b4 9. Nd1 a5 10. c3 bxc3 11. bxc3 Nf6 12. Nh3 Bxh3 13. Rxh3 Nbd7 14. Bd3 O-O 15. Rh1 e5 16. Rb1 Qc7 17. Nf2 d5 18. Ke2 c5 19. dxc5 Nxc5 20. Bxc5 Qxc5 21. Rb5 Qc6 22. Rc1 dxe4 23. Nxe4 Nd5 24. Rc5 Nf4+ 25. Qxf4 Qxc5 26. Qxf7+ Rxf7 27. Nxc5 Kh7 28. Ne4 Rb7 29. Bb5 Rd8 30. c4 Bh6 31. Rc2 Kg7 32. c5 Rc7 33. c6 Kf7 34. Nc5 Ke7 35. Na6 Ra7 36. Nc5 Rc8 37. Ne4 Bg7 38. Kd3 Bf8 39. Kc4 Ke6 40. Nc5+ Kf5 41. Kd5 Rd8+ 42. Nd7 Rc7 43. Bd3+ Kf4 44. Ke6 Bb4 45. Bxg6 Kg3 46. Bxh5 Rdc8 47. Nxe5 Re7+ 48. Kd5 Rd8+ 49. Nd7 Rdxd7+ 50. cxd7 Rxd7+ 51. Kc4 Rc7+ 52. Kb3 Rxc2 53. Kxc2 Be7 54. Bg4 Bxh4 55. Bh3 Bg5 56. Kd3 Bf4 57. Kc4 Bg5 58. Kb5 Bd2 59. Kb6 Kf4 60. Bd7 Be1 61. Bc6 Bd2 62. g4 Kg5 63. Kc5 Bb4+ 64. Kd5 Bd2 65. Ke4 Bc1 1/2-1/2

[Event "FishPartners Open 2018"]
[Site "Spakenburg"]
[Date "2018.07.07"]
[Round "5"]
[White "Beerdsen, Thomas"]
[Black "Timman, Jan"]
[Result "0-1"]
[ECO "C09"]
[WhiteElo "2469"]
[BlackElo "2555"]
[Annotator "ChessBase"]
[PlyCount "114"]
[EventDate "2018.07.07"]
[EventType "swiss"]
[EventCountry "NED"]
[SourceTitle "playchess.com"]
[Source "ChessBase"]
[SourceQuality "1"]
[TimeControl "1500"]

1. e4 e6 2. d4 d5 3. Nd2 c5 4. exd5 exd5 5. Ngf3 Nc6 6. Bb5 Bd6 7. O-O cxd4 8. Nb3 Nge7 9. Nbxd4 O-O 10. h3 a6 11. Bd3 Ng6 12. Re1 Qc7 13. Bd2 Bd7 14. Bc3 Rae8 15. Rxe8 Rxe8 16. Ng5 Nce5 17. Qh5 h6 18. Nxf7 Kxf7 19. Re1 Nxd3 20. Qxd5+ Kf8 21. Rxe8+ Kxe8 22. cxd3 Ne7 23. Qh5+ Kf8 24. Nf3 Bf5 25. Nd4 Qd7 26. Qe2 Bc5 27. Nf3 Qxd3 28. Qe5 Qd1+ 29. Ne1 Qd6 30. Qxg7+ Ke8 31. Nf3 Kd7 32. Ne5+ Kc8 33. Qf8+ Qd8 34. Qxh6 Qd1+ 35. Kh2 Bxf2 36. Nf3 Bc5 37. Be5 Qd5 38. b4 Bxb4 39. Qb6 Qc5 40. Qf6 Kd7 41. Bg3 Qd5 42. Ne5+ Kc8 43. Nf7 Kd7 44. Qb6 Ba5 45. Ne5+ Ke8 46. Qf6 Bc7 47. Qh8+ Qg8 48. Qh5+ Bg6 49. Qh4 Bxe5 50. Bxe5 Qe6 51. Bg3 Be4 52. Qh8+ Kd7 53. Qd4+ Bd5 54. Qb2 Nf5 55. Bf4 Qe4 56. Qd2 Nh4 57. Kg3 Nxg2 0-1

[Event "FishPartners Open 2018"]
[Site "Spakenburg"]
[Date "2018.07.07"]
[Round "5"]
[White "Kazarian, Anna-Maja"]
[Black "Van de Griendt, Jan Willem"]
[Result "1/2-1/2"]
[ECO "C50"]
[WhiteElo "2150"]
[BlackElo "2335"]
[Annotator "NA"]
[PlyCount "128"]
[EventDate "2018.07.07"]
[EventType "swiss"]
[EventCountry "NED"]
[SourceTitle "playchess.com"]
[Source "ChessBase"]
[SourceQuality "1"]
[TimeControl "1500"]

1. e4 e5 2. Nf3 Nc6 3. Bc4 Bc5 4. O-O d6 5. c3 Bb6 6. Re1 Nf6 7. d3 h6 {[%emt 0:00:23] C54: Giuoco Piano: 4 c3 Nf6, main lines with 5 d4 and 5 d3} 8. a4 O-O 9. h3 a6 10. b4 (10. Nbd2 Re8 11. b4 Ba7 12. Rb1 Bd7 13. b5 axb5 14. axb5 Na5 15. Ba2 c6 16. bxc6 bxc6 {1-0 (46) Swiercz,D (2657)-Petrosian,T (2613) Las Vegas 2018}) 10... Ne7 11. d4 Ng6 12. dxe5 $146 ({Predecessor:} 12. Nbd2 Re8 13. Qc2 c6 14. d5 Qc7 15. Ba3 Nf4 16. dxc6 bxc6 17. Rac1 {1-0 (38) Kalvach,L (1881)-Franc,O (1598) Ricany 2008}) 12... dxe5 13. Qxd8 Rxd8 14. Na3 Bd7 15. a5 Ba7 16. Bb3 Bc6 17. Bc2 Re8 18. Bb2 Rad8 19. c4 Nh7 20. b5 Bd7 21. Bc3 Nhf8 22. Rab1 Bc5 23. Bb4 Ne6 24. Red1 f6 25. Bxc5 Nxc5 26. Rd5 Ne6 27. Rbd1 Bc8 28. Bb3 Ngf4 29. Rxd8 Rxd8 30. Rxd8+ Nxd8 31. c5+ Kf8 32. Bc4 c6 33. bxa6 bxa6 34. Nd2 Nfe6 35. Nb3 Ke7 36. Nc2 Nc7 37. Nb4 Be6 38. Bxe6 Kxe6 39. Kf1 Kd7 40. Ke2 Nde6 41. Ke3 Nf4 42. g3 Nxh3 43. f4 exf4+ 44. gxf4 g5 $11 45. fxg5 Nxg5 46. Nd4 Nge6 47. Nxe6 Nxe6 48. Nxa6 h5 49. Nb4 Nxc5 50. a6 Na4 51. a7 Nb6 52. Kf4 Kc7 53. Kg3 Kb7 54. Kh4 c5 55. Nc2 Kxa7 56. Kxh5 Kb7 57. Kg6 Nd7 58. Kf5 Kc6 59. Ke6 c4 60. Ne3 c3 61. Nd5 Nc5+ 62. Kxf6 Nxe4+ 63. Ke5 Kc5 64. Nxc3 Nxc3 {Ke4} 1/2-1/2

[Event "FishPartners Open 2018"]
[Site "Spakenburg"]
[Date "2018.07.07"]
[Round "5"]
[White "Van Brummelen, Kevin"]
[Black "Peelen, Piet"]
[Result "1-0"]
[ECO "B10"]
[WhiteElo "2136"]
[BlackElo "2336"]
[Annotator "NA"]
[PlyCount "101"]
[EventDate "2018.07.07"]
[EventType "swiss"]
[EventCountry "NED"]
[SourceTitle "playchess.com"]
[Source "ChessBase"]
[SourceQuality "1"]
[TimeControl "1500"]

1. e4 c6 2. c4 d5 3. cxd5 cxd5 4. exd5 Nf6 5. Nc3 Nxd5 6. d4 e6 7. Nf3 Bb4 8. Bd2 Nc6 9. Bd3 Be7 10. Nxd5 {[%emt 0:00:43] B14: Caro-Kann (Panow-Angriff)} Qxd5 11. Bc3 (11. O-O Bd7 12. Bc3 O-O 13. Re1 Rfd8 14. Be4 Qh5 15. Ne5 Qxd1 16. Raxd1 Rac8 17. Nxc6 Bxc6 {½-½ (30) Fang,Y (2499)-Wang,H (2710) Hangzhou 2018}) 11... Nb4 $146 ({Vorgänger:} 11... O-O 12. O-O Rd8 13. Re1 Qd6 14. a3 Bd7 15. Qc2 h6 16. Rad1 Rac8 17. Bh7+ Kh8 18. Be4 Bf6 19. d5 exd5 20. Rxd5 {½-½ (52) Gross,D (2465)-Kachiani Gersinska,K (2437) Germany 2000}) 12. Be2 Bd7 13. a3 Nc6 14. O-O O-O 15. Ne5 Nxe5 16. dxe5 Bc6 17. Qxd5 Bxd5 18. f4 Bc5+ 19. Kh1 Rfd8 20. Bf3 Rac8 21. g4 Bd4 22. Bxd5 Rxd5 23. Bxd4 Rxd4 24. Rad1 Rcd8 25. Rxd4 Rxd4 26. Kg2 g5 27. Kg3 Rd2 28. f5 Rxb2 29. Rd1 Rb3+ 30. Kg2 Kf8 ({Much worse is} 30... Rxa3 31. f6 $11) 31. Rd7 exf5 (31... Rxa3 32. f6 $14) 32. gxf5 h5 33. f6 Kg8 $2 (33... Ke8 $11 34. Re7+ Kf8) 34. Rd8+ Kh7 35. e6 Rb2+ 36. Kf3 g4+ 37. Ke3 Rb3+ 38. Ke4 fxe6 39. f7 Rf3 40. f8=Q Rxf8 41. Rxf8 Kg6 $18 42. Kf4 b5 43. Rb8 e5+ 44. Kxe5 Kg5 45. Rg8+ Kh4 46. Kf4 a5 47. Rg5 b4 48. a4 b3 49. Rb5 Kh3 50. Rxh5+ Kg2 51. Kxg4 1-0

[Event "FishPartners Open 2018"]
[Site "Spakenburg"]
[Date "2018.07.07"]
[Round "6"]
[White "Van Foreest, Lucas"]
[Black "Nijboer, Friso"]
[Result "1-0"]
[ECO "B90"]
[WhiteElo "2488"]
[BlackElo "2495"]
[Annotator "ChessBase"]
[PlyCount "127"]
[EventDate "2018.07.07"]
[EventType "swiss"]
[EventCountry "NED"]
[SourceTitle "playchess.com"]
[Source "ChessBase"]
[SourceQuality "1"]
[TimeControl "1500"]

1. e4 c5 2. Nf3 d6 3. d4 cxd4 4. Nxd4 Nf6 5. Nc3 a6 6. Be3 e5 7. Nf3 Qc7 8. a4 Be7 9. a5 Nbd7 10. Nd2 Nc5 11. b4 Ne6 12. Bc4 Nd4 13. O-O Be6 14. Nd5 Bxd5 15. exd5 O-O 16. c3 Nf5 17. Bb6 Qd7 18. Qe2 Bd8 19. Bxd8 Rfxd8 20. Bd3 Nxd5 21. Qf3 Nde7 22. Nc4 Qe6 23. Nb6 Rab8 24. Rad1 d5 25. Bxf5 Qxf5 26. Qxf5 Nxf5 27. Nxd5 f6 28. Nb6 Kf7 29. Nd7 Rbc8 30. Nc5 Nd6 31. Rd5 Ke7 32. Rfd1 h5 33. Kf1 Rc7 34. f4 Nf7 35. Rxd8 Nxd8 36. fxe5 fxe5 37. Rd5 Nf7 38. Ke2 Kf6 39. Ke3 Kf5 40. Rd1 Re7 41. Rd2 h4 42. c4 g5 43. Ne4 Ke6 44. Rf2 Rc7 45. Rf6+ Ke7 46. Rb6 Nd8 47. Nc5 Rc6 48. Ke4 Rxb6 49. axb6 Kd6 50. Kf5 Kc6 51. Kxg5 a5 52. Na4 axb4 53. Kf5 Nf7 54. Nb2 Kxb6 55. Ke6 Nd8+ 56. Kd5 b3 57. g4 hxg3 58. hxg3 Ka5 59. g4 Kb4 60. g5 Kc3 61. Na4+ Kb4 62. Nc5 b6 63. Nxb3 Kxb3 64. g6 1-0

[Event "FishPartners Open 2018"]
[Site "Spakenburg"]
[Date "2018.07.07"]
[Round "6"]
[White "Lai, Hing Ting"]
[Black "Beerdsen, Thomas"]
[Result "0-1"]
[ECO "A40"]
[WhiteElo "2447"]
[BlackElo "2469"]
[Annotator "ChessBase"]
[PlyCount "152"]
[EventDate "2018.07.07"]
[EventType "swiss"]
[EventCountry "NED"]
[SourceTitle "playchess.com"]
[Source "ChessBase"]
[SourceQuality "1"]
[TimeControl "1500"]

1. d4 e6 2. Nf3 c5 3. dxc5 Bxc5 4. e4 Qb6 5. Qd2 Nf6 6. Bd3 Nc6 7. O-O O-O 8. e5 Ng4 9. Qe2 Qc7 10. Qe4 f5 11. exf6 Nxf6 12. Qh4 d5 13. Nc3 a6 14. a3 h6 15. Rd1 Qf7 16. Qg3 Nh5 17. Qg6 Qxg6 18. Bxg6 Nf4 19. Bxf4 Rxf4 20. Ne2 Rf6 21. Bh5 b5 22. c3 Bb7 23. Ned4 Kf8 24. Rd2 Ke7 25. Re1 Kd6 26. Bg4 Re8 27. Rde2 Bc8 28. g3 Nxd4 29. cxd4 Bb6 30. Kg2 g6 31. h4 Ref8 32. h5 g5 33. Rd1 Bd7 34. Ne5 Be8 35. Nf3 R8f7 36. Rde1 Re7 37. Rc2 Bd7 38. Rd1 Bc6 39. Ne5 Bb7 40. Re2 Rc7 41. Nf3 Rc4 42. Rde1 Bc8 43. Rd1 a5 44. Red2 Kc7 45. Ne5 Bb7 46. Be2 Kd6 47. Ng4 Rf7 48. Nxh6 Rh7 49. Ng4 Rxh5 50. Ne5 Rh7 51. Nxc4+ dxc4+ 52. Bf3 Bd5 53. Re2 b4 54. axb4 axb4 55. Re5 c3 56. bxc3 bxc3 57. Bxd5 exd5 58. Rxg5 Rf7 59. Rg6+ Kc7 60. Rg5 Kc6 61. Rd3 Bxd4 62. Rg6+ Kc5 63. Rg8 Rxf2+ 64. Kh3 Kc4 65. Rd1 c2 66. Rc8+ Bc5 67. Ra1 d4 68. Kg4 Rf8 69. Rc7 Rg8+ 70. Kf3 d3 71. Rd7 Rf8+ 72. Ke4 Re8+ 73. Kf3 Bd4 74. Ra4+ Kb5 75. Rdxd4 c1=Q 76. Rab4+ Kc5 {[%emt 0:00:01] Ke3 Qxe3} 0-1

[Event "FishPartners Open 2018"]
[Site "Spakenburg"]
[Date "2018.07.07"]
[Round "6"]
[White "Van de Griendt, Jan Willem"]
[Black "Dekker, Theo"]
[Result "1-0"]
[ECO "A57"]
[WhiteElo "2335"]
[BlackElo "2031"]
[Annotator "NA"]
[PlyCount "50"]
[EventDate "2018.07.07"]
[EventType "swiss"]
[EventCountry "NED"]
[SourceTitle "playchess.com"]
[Source "ChessBase"]
[SourceQuality "1"]
[TimeControl "1500"]

1. d4 Nf6 2. c4 c5 3. d5 b5 4. cxb5 a6 5. e3 d6 6. Nc3 g6 7. Nf3 Bg7 8. e4 O-O 9. a4 axb5 10. Bxb5 Ba6 11. Bg5 Nbd7 12. O-O Bxb5 13. axb5 h6 14. Bf4 Nh5 15. Bd2 Qc7 16. Qe2 Ra7 17. Ra6 Rxa6 18. bxa6 Rc8 19. Ra1 Qb6 20. Ra2 c4 21. Be3 Qb3 22. Nd2 Qb4 23. a7 Qb7 24. Qxc4 Rxc4 25. a8=Q+ Rc8 1-0

[Event "FishPartners Open 2018"]
[Site "Spakenburg"]
[Date "2018.07.07"]
[Round "6"]
[White "Bohm, Hans"]
[Black "Bosboom, Manuel"]
[Result "0-1"]
[ECO "A41"]
[WhiteElo "2307"]
[BlackElo "2403"]
[Annotator "NA"]
[PlyCount "77"]
[EventDate "2018.07.07"]
[EventType "swiss"]
[EventCountry "NED"]
[SourceTitle "playchess.com"]
[Source "ChessBase"]
[SourceQuality "1"]
[TimeControl "1500"]

1. d4 d6 2. c3 Nd7 3. Bg5 h6 4. Bh4 Ngf6 5. Nd2 e5 6. e3 Be7 7. Bd3 O-O 8. Ngf3 Re8 9. Bf5 b6 10. dxe5 dxe5 11. Nc4 e4 12. Nd4 Nc5 13. O-O $1 Ba6 14. b3 $17 (14. Ne5 $1 $11 {war der einzige Weg, das Gleichgewicht zu behalten.}) 14... Qd5 15. Bg3 c6 16. Ne5 Bxf1 17. Qxf1 Bd6 18. c4 Qxe5 19. Bxe5 Bxe5 20. Rd1 g6 21. Bh3 Bxd4 22. Rxd4 Rad8 23. f3 exf3 24. gxf3 Kg7 25. Kf2 Rb8 26. Qd1 Re5 27. b4 Rh5 28. Bg4 Rxh2+ 29. Kg3 Rxa2 30. bxc5 bxc5 31. Rf4 Rbb2 32. Rxf6 Kxf6 33. Qd6+ Kg7 34. Qe5+ Kg8 35. Kf4 Rc2 36. Be6 Rab2 37. Qxc5 fxe6 38. Ke5 Rb5 39. Kf4 0-1

[Event "FishPartners Open 2018"]
[Site "Spakenburg"]
[Date "2018.07.07"]
[Round "6"]
[White "Amesz, Jaap"]
[Black "Van der Wiel, John T H"]
[Result "1/2-1/2"]
[ECO "A46"]
[WhiteElo "2191"]
[BlackElo "2389"]
[Annotator "NA"]
[PlyCount "110"]
[EventDate "2018.07.07"]
[EventType "swiss"]
[EventCountry "NED"]
[SourceTitle "playchess.com"]
[Source "ChessBase"]
[SourceQuality "1"]
[TimeControl "1500"]

1. d4 Nf6 2. Nf3 e6 3. c4 d5 4. e3 Be7 5. Nc3 O-O 6. Bd3 b6 7. O-O Bb7 8. Qe2 {[%emt 0:02:02] LiveBook: 81 Games} Nbd7 9. Rd1 a6 10. b3 Ne4 11. Bb2 f5 12. Rac1 Bd6 13. Nd2 Qh4 14. g3 $11 Qh6 15. f4 Nxd2 16. Rxd2 Rf7 17. Kf1 Qh3+ 18. Ke1 Nf6 19. Kd1 Ne4 20. Bxe4 fxe4 21. c5 bxc5 22. dxc5 Bf8 23. b4 c6 24. a4 e5 25. a5 Bc8 26. Kc2 Bg4 27. Qg2 Qh5 28. Ne2 Rb8 29. Bc3 Bf3 30. Qf2 g5 31. fxe5 Bg4 32. Qg2 Rf3 33. Qg1 Qe8 34. Nd4 Rf7 35. Rf1 Rbb7 36. Rxf7 Rxf7 37. Rf2 Rxf2+ 38. Qxf2 Bg7 39. Qf1 Qc8 40. e6 Bf3 41. Nxf3 exf3 42. Bxg7 Kxg7 43. Qxf3 Qxe6 44. Qe2 d4 45. Qxa6 dxe3 46. Qe2 Qa2+ 47. Kd3 Qb3+ 48. Ke4 Qxb4+ 49. Kxe3 Qxc5+ 50. Kf3 Qf5+ 51. Kg2 Qxa5 52. Qe7+ Kg6 53. Qe6+ Kg7 54. Qe7+ Kg6 55. Qe6+ Kg7 1/2-1/2

[Event "FishPartners Open 2018"]
[Site "Spakenburg"]
[Date "2018.07.07"]
[Round "7"]
[White "Nijboer, Friso"]
[Black "Vedder, Richard"]
[Result "1-0"]
[ECO "C55"]
[WhiteElo "2495"]
[BlackElo "2284"]
[Annotator "ChessBase"]
[PlyCount "57"]
[EventDate "2018.07.07"]
[EventType "swiss"]
[EventCountry "NED"]
[SourceTitle "playchess.com"]
[Source "ChessBase"]
[SourceQuality "1"]
[TimeControl "1500"]

1. e4 e5 2. Nf3 Nc6 3. Bc4 Nf6 4. d3 h6 5. O-O d6 6. Nbd2 g5 7. c3 Be6 8. b4 Qd7 9. Bb2 O-O-O 10. Qb3 d5 11. exd5 Bxd5 12. Rfe1 Bg7 13. b5 Na5 14. Qa4 Bxc4 15. Nxc4 Nxc4 16. dxc4 Kb8 17. Nxe5 Qf5 18. Qb3 Rd2 19. Nf3 Rd3 20. Nd4 Qg6 21. Nc6+ Ka8 22. Ne5 Qf5 23. Nxd3 Qxd3 24. Rad1 Qf5 25. c5 Ng4 26. Re2 Be5 27. h3 Qf4 28. g3 Qf3 29. Qd5 1-0

[Event "FishPartners Open 2018"]
[Site "Spakenburg"]
[Date "2018.07.07"]
[Round "7"]
[White "Beerdsen, Thomas"]
[Black "Van de Griendt, Jan Willem"]
[Result "1-0"]
[ECO "B40"]
[WhiteElo "2469"]
[BlackElo "2335"]
[Annotator "ChessBase"]
[PlyCount "87"]
[EventDate "2018.07.07"]
[EventType "swiss"]
[EventCountry "NED"]
[SourceTitle "playchess.com"]
[Source "ChessBase"]
[SourceQuality "1"]
[TimeControl "1500"]

1. e4 c5 2. Nf3 e6 3. b3 d5 4. exd5 exd5 5. Bb2 Nf6 6. Bb5+ Nc6 7. Qe2+ Be7 8. Bxf6 gxf6 9. O-O Rg8 10. Re1 Kf8 11. Nc3 Bg4 12. Bxc6 bxc6 13. Kf1 Qd6 14. h3 Bd7 15. Qd3 Rg7 16. Re2 Qf4 17. Rxe7 Kxe7 18. Qxd5 Qf5 19. Re1+ Kf8 20. Qd6+ Kg8 21. Ne4 Be6 22. Nh4 Qe5 23. Qxe5 fxe5 24. Nxc5 Rd8 25. d3 Rd5 26. Ne4 Kf8 27. Nf3 Ke7 28. b4 f6 29. Nc5 Bf5 30. g4 Bc8 31. Kg2 h5 32. g5 h4 33. Kh2 fxg5 34. c4 Rd8 35. Rxe5+ Kf6 36. Ne4+ Kg6 37. Rxg5+ Kh6 38. Rc5 Rxd3 39. Rxc6+ Kh5 40. Nf6+ Kh6 41. Ng4+ Kh7 42. Nf6+ Kh6 43. Ne8+ Kh7 44. Nxg7 1-0

[Event "FishPartners Open 2018"]
[Site "Spakenburg"]
[Date "2018.07.07"]
[Round "7"]
[White "Lai, Hing Ting"]
[Black "Timman, Jan H"]
[Result "1-0"]
[ECO "A46"]
[WhiteElo "2447"]
[BlackElo "2555"]
[Annotator "ChessBase"]
[PlyCount "85"]
[EventDate "2018.07.07"]
[EventType "swiss"]
[EventCountry "NED"]
[SourceTitle "playchess.com"]
[Source "ChessBase"]
[SourceQuality "1"]
[TimeControl "1500"]

1. d4 Nf6 2. Nf3 e6 3. Bf4 b6 4. e3 Bb7 5. h3 g6 6. Nbd2 Bg7 7. Be2 d6 8. O-O Nbd7 9. Bh2 O-O 10. c3 Qe7 11. Nc4 Ne4 12. Qc2 f5 13. a4 a6 14. Rfd1 g5 15. Nfd2 Ndf6 16. Nxe4 Bxe4 17. Bd3 Bxd3 18. Qxd3 g4 19. hxg4 Nxg4 20. Bg3 Qg5 21. Nd2 Qg6 22. Nf3 Kh8 23. Nd2 Bh6 24. Nf1 Rf7 25. b4 Rg8 26. Ra2 Qh5 27. Re2 e5 28. dxe5 dxe5 29. f3 e4 30. Qd4+ Nf6 31. Rf2 Bg7 32. Qc4 exf3 33. gxf3 b5 34. axb5 axb5 35. Qe2 Bh6 36. Rh2 Qg6 37. Rg2 Rfg7 38. Rd2 Qe8 39. Qd3 Rxg3 40. Nxg3 Rxg3 41. Rxg3 Bxe3+ 42. Kg2 f4 43. Qd8 1-0

[Event "FishPartners Open 2018"]
[Site "Spakenburg"]
[Date "2018.07.07"]
[Round "7"]
[White "Bosboom, Manuel"]
[Black "Van Brummelen, Kevin"]
[Result "0-1"]
[ECO "A30"]
[WhiteElo "2403"]
[BlackElo "2136"]
[Annotator "NA"]
[PlyCount "44"]
[EventDate "2018.07.07"]
[EventType "swiss"]
[EventCountry "NED"]
[SourceTitle "playchess.com"]
[Source "ChessBase"]
[SourceQuality "1"]
[TimeControl "1500"]

1. c4 c5 2. g3 Nc6 3. Bg2 Nf6 4. Nc3 g6 5. e3 Bg7 6. d4 cxd4 7. exd4 d6 8. Nge2 O-O 9. O-O Bd7 10. b3 Qc8 11. Bb2 Bh3 12. Qd2 Bxg2 13. Kxg2 e5 14. d5 Ne7 15. Ba3 Rd8 16. Rae1 Nf5 17. Qd3 h5 18. f4 e4 19. Qd2 Ng4 20. Ng1 e3 21. Qc2 Nf2 22. Nd1 Nh4+ 0-1

[Event "FishPartners Open 2018"]
[Site "Spakenburg"]
[Date "2018.07.07"]
[Round "7"]
[White "Van der Wiel, John T H"]
[Black "Vogel, Jaap"]
[Result "1-0"]
[ECO "C05"]
[WhiteElo "2389"]
[BlackElo "2187"]
[Annotator "NA"]
[PlyCount "47"]
[EventDate "2018.07.07"]
[EventType "swiss"]
[EventCountry "NED"]
[SourceTitle "playchess.com"]
[Source "ChessBase"]
[SourceQuality "1"]
[TimeControl "1500"]

1. e4 e6 2. d4 d5 3. Nd2 Nf6 4. e5 Nfd7 5. f4 c5 6. c3 Nc6 7. Ndf3 Be7 8. Bd3 Rb8 9. Ne2 b5 10. f5 b4 11. fxe6 fxe6 12. Nf4 Nf8 13. Nh5 Rg8 14. O-O bxc3 15. bxc3 cxd4 16. cxd4 Qb6 17. Rb1 Qxb1 18. Bxb1 Rxb1 19. Qc2 Rb6 20. Bg5 h6 21. Bxe7 Nxe7 22. Nf6+ gxf6 23. exf6 Bd7 24. Ne5 1-0

[Event "FishPartners Open 2018"]
[Site "Spakenburg"]
[Date "2018.07.07"]
[Round "7"]
[White "De Graaf, Dion"]
[Black "Tasc, R30 (computer)"]
[Result "0-1"]
[ECO "A04"]
[WhiteElo "1789"]
[BlackElo "2380"]
[Annotator "NA"]
[PlyCount "66"]
[EventDate "2018.07.07"]
[EventType "swiss"]
[EventCountry "NED"]
[SourceTitle "playchess.com"]
[Source "ChessBase"]
[SourceQuality "1"]
[TimeControl "1500"]

1. Nf3 Nc6 2. d4 d5 3. b3 Bf5 4. e3 e6 5. Be2 Nf6 6. O-O Bd6 7. Bb2 O-O 8. Nbd2 a6 9. c4 Nd7 10. Rc1 Qf6 11. a3 Rfe8 12. b4 Qh6 13. Re1 Nf6 14. c5 Be7 15. Ne5 Nxe5 16. dxe5 Ne4 17. f4 Bh4 18. Rf1 Nxd2 19. Qxd2 Qg6 20. Rfd1 Be4 21. Bf1 a5 22. bxa5 c6 23. Bc3 Be7 24. Bb4 f6 25. exf6 Bxf6 26. Bc3 e5 27. fxe5 Bxe5 28. Bd4 Bc7 29. Bc3 Qh6 30. h3 Qg5 31. Ra1 Qg3 32. Qd4 Re7 33. Ra2 Rf8 0-1